 Dungeon Crawl Stone Soup version 0.17.1-3-g152610e (webtiles) character file.

1778 manyhoops the Quickloader (level 8, -2/106 HPs)
             Began as a Minotaur Hunter on Apr 27, 2016.
             Was a Believer of Okawaru.
             Slain by dobroeutro's ghost (8 damage)
             ... on level 6 of the Dungeon.
             The game lasted 00:17:25 (5355 turns).

manyhoops the Quickloader (Minotaur Hunter)         Turns: 5355, Time: 00:17:25

Health: -2/106     AC: 24    Str: 18    XL:     8   Next: 81%
Magic:  7/7        EV:  2    Int:  8    God:    Okawaru [**....]
Gold:   283        SH:  0    Dex: 12    Spells: 0 memorised, 7 levels left

rFire  . . .     SeeInvis .     g - +2 battleaxe
rCold  + + .     Clarity  .     (armour currently unavailable)
rNeg   + + +     SustAt   .     (shield currently unavailable)
rPois  +         Gourm    .     (helmet currently unavailable)
rElec  .         Spirit   .     (cloak currently unavailable)
rCorr  .         Warding  .     (gloves currently unavailable)
rMut   .         NoTele   +     (boots currently unavailable)
MR     .....                    (no amulet)
Stlth  ++........               v - ring of protection from cold
                                i - ring of protection from cold

@: tree-form, heroism, very heavily drained, not resistant to hostile
enchantments, unstealthy
A: (retaliatory headbutt), (horns 0)
a: Heroism, Renounce Religion


You were on level 6 of the Dungeon.
You worshipped Okawaru.
Okawaru was pleased with you.
You were not hungry.
You were a tree.
You visited 2 branches of the dungeon, and saw 7 of its levels.

You collected 283 gold pieces.

Inventory:

Hand Weapons
 a - a +1 hand crossbow
 g - a +2 battleaxe (weapon)
Missiles
 d - 24 bolts
 D - 13 silver bolts
Armour
 c - a +0 leather armour
 k - a +0 cloak (melded)
 m - a +0 scale mail (melded)
Jewellery
 i - a ring of protection from cold (left branch)
 v - a ring of protection from cold (right branch)
Wands
 B - a wand of random effects (30)
Scrolls
 b - a scroll of fear {unknown}
 f - a scroll of immolation {unknown}
 n - a scroll of amnesia
 p - a scroll of remove curse
 t - a scroll of magic mapping
 u - a scroll of noise {unknown}
 y - a scroll of random uselessness {unknown}
Potions
 h - a potion of might {unknown}
 j - a potion of haste
 o - a potion of brilliance {unknown}
 q - a potion of heal wounds
 s - a potion of magic
 A - a potion of ambrosia {unknown}
 C - 2 potions of poison
 E - 2 potions of degeneration {unknown}
Comestibles
 e - 4 bread rations
 w - 2 fruits
 x - 2 meat rations
 z - 2 slices of pizza


   Skills:
 * Level 6.4(6.9) Fighting
 + Level 0.2(1.4) Axes
 + Level 10.0(10.2) Crossbows
 * Level 7.1(7.5) Armour
 - Level 2.1(3.2) Dodging
 - Level 0.7(1.8) Stealth


You had 7 spell levels left.
You didn't know any spells.

Dungeon Overview and Level Annotations

Branches:
Dungeon (6/15)             Temple (1/1) D:5

Altars:
Elyvilon
Gozag
Makhleb
Okawaru
Qazlal
Ru
Sif Muna
Yredelemnul
Zin
The Shining One

Annotations:
D:6 dobroeutro's ghost, novice GrFi


Innate Abilities, Weirdness & Mutations

((You reflexively headbutt those who attack you in melee.))
((You have a pair of horns on your head.))


Message History

You hit dobroeutro's ghost but do no damage.
Dobroeutro's ghost is almost destroyed.
You completely miss the orc.
The orc is moderately wounded.
The orc hits you but does no damage.
Dobroeutro's ghost hits you but does no damage.
The orc hits you but does no damage. Dobroeutro's ghost hits you.
* * * LOW HITPOINT WARNING * * *
You barely miss dobroeutro's ghost.
Dobroeutro's ghost is almost destroyed.
You slash the orc!
You kill the orc!
Okawaru accepts your kill.
Dobroeutro's ghost hits you but does no damage.
Unknown command.
You slash dobroeutro's ghost!
Dobroeutro's ghost is almost destroyed.
Dobroeutro's ghost whispers, "The ORB doesn't exist."
Dobroeutro's ghost hits you!
You die...

#...# #..## ##..# ####..##
###### ......# ##....#
###.### #.....# WZ....# ###
#.....# o.o...# ###..
#)<..># .....# .....
##.)♣..# Y...# .####
#...W[.# ...# ##
......#...## ...#
....####...####..## #..##
##...#.....# ### #...(.....#
#########.########....####.#
....................### .#
.####......######...# #


You could see dobroeutro's ghost.

Vanquished Creatures
  The ghost of buf2 the Bolt Thrower, a novice HEHu of Nemelex Xobeh (D:5)
  A water moccasin (D:5)
  An ice beast (D:5)
  An orc warrior (D:6)
  2 phantoms (D:5)
  An ogre (D:5)
  3 centaurs
  A sky beast (D:5)
  5 wights
  A centaur zombie (D:6)
  3 hounds
  A giant frog skeleton (D:4)
  A centaur skeleton (D:5)
  2 orc wizards (D:4)
  A worker ant (D:3)
  A worker ant zombie (D:6)
  8 adders
  An ooze (D:2)
  3 worms
  6 giant geckos
  16 orcs
  2 ball pythons
  3 bats
  3 giant cockroaches
  6 goblins
  A hobgoblin (D:3)
  2 jackals (D:3)
  10 kobolds
  3 giant newts
  4 quokkas
  A quokka skeleton (D:4)
  8 rats
103 creatures vanquished.

Vanquished Creatures (others)
  A plant (D:1)
1 creature vanquished.

Grand Total: 104 creatures vanquished

Notes
Turn   | Place    | Note
--------------------------------------------------------------
     0 | D:1      | manyhoops the Minotaur Hunter began the quest for the Orb.
     0 | D:1      | Reached XP level 1. HP: 18/18 MP: 0/0
   206 | D:1      | Reached XP level 2. HP: 25/25 MP: 1/1
   212 | D:1      | Reached skill level 5 in Crossbows
   727 | D:2      | Found a glowing silver altar of Zin.
   762 | D:2      | Reached XP level 3. HP: 30/30 MP: 2/2
   965 | D:2      | Reached skill level 1 in Armour
  1365 | D:3      | Reached XP level 4. HP: 32/37 MP: 3/3
  1453 | D:3      | Reached skill level 6 in Crossbows
  2227 | D:4      | Found a sacrificial altar of Ru.
  2394 | D:4      | Reached XP level 5. HP: 45/45 MP: 4/4
  2806 | D:4      | Noticed a centaur
  2809 | D:4      | Killed a centaur
  2809 | D:4      | Reached skill level 7 in Crossbows
  2809 | D:4      | Reached XP level 6. HP: 39/52 MP: 5/5
  3085 | D:5      | Entered Level 5 of the Dungeon
  3174 | D:5      | Noticed buf2's ghost (novice HEHu)
  3307 | D:5      | Found a staircase to the Ecumenical Temple.
  3312 | D:5      | Reached XP level 7. HP: 60/60 MP: 6/6
  3321 | D:5      | Reached skill level 8 in Crossbows
  3345 | Temple   | Entered the Ecumenical Temple
  3353 | Temple   | Became a worshipper of Warmaster Okawaru
  3589 | D:5      | Noticed a water moccasin
  3595 | D:5      | Killed a water moccasin
  3830 | D:5      | Reached skill level 5 in Fighting
  3835 | D:5      | Reached skill level 5 in Armour
  3878 | D:5      | Killed buf2's ghost
  3878 | D:5      | Reached * piety under Okawaru
  3878 | D:5      | Reached skill level 9 in Crossbows
  3878 | D:5      | Reached XP level 8. HP: 69/69 MP: 7/7
  4839 | D:6      | Reached ** piety under Okawaru
  5081 | D:6      | Found a white marble altar of Elyvilon.
  5220 | D:6      | Noticed dobroeutro's ghost (novice GrFi)
  5232 | D:5      | Found a basalt altar of Yredelemnul.
  5232 | D:5      | Found an opulent altar of Gozag.
  5242 | D:5      | Reached skill level 10 in Crossbows
  5353 | D:6      | HP: 5/106 [dobroeutro's ghost (2)]
  5355 | D:6      | Slain by dobroeutro's ghost

Action                   |  1- 3 |  4- 6 |  7- 9 || total
-------------------------+-------+-------+-------++-------
Melee: Short sword       |    18 |     4 |       ||    22
       Rapier            |       |     9 |    35 ||    44
       Hand crossbow     |       |       |     5 ||     5
       Battleaxe         |       |       |    32 ||    32
       Scimitar          |       |       |    11 ||    11
 Fire: Hand crossbow     |    82 |   120 |    83 ||   285
Invok: Heroism           |       |       |     1 ||     1
  Use: Scroll            |       |     6 |     4 ||    10
       Potion            |       |       |     2 ||     2
  Eat: Bread ration      |       |     2 |     1 ||     3
       Chunk             |       |     1 |     3 ||     4
